 Dungeon Crawl Stone Soup version 0.29.0-4-gdea44cf6ec (webtiles) character file.

Game seed: 7958788614964134978

179 qw the Chopper (level 5, -6/27 (30) HPs)
             Began as a Tengu Warper on Aug 28, 2022.
             Mangled by a wight
             ... wielding a +2 dire flail of freezing
              (9 damage)
             ... on level 7 of the Dungeon.
             The game lasted 00:00:18 (3240 turns).

qw the Chopper (Tengu Warper)                       Turns: 3240, Time: 00:00:18

HP:   -6/27 (30)    AC: 11    Str: 13    XL:     5   Next: 59%
MP:   9/9           EV:  4    Int: 13    God:
Gold: 196           SH:  0    Dex: 14    Spells: 8/8 levels left

rFire   . . .      SeeInvis .   Y - +0 war axe (spect)
rCold   . . .      Faith    .   (no shield)
rNeg    . . .      Spirit   .   h - +0 plate armour
rPois   .          Reflect  .   (helmet restricted)
rElec   .          Harm     .   (no cloak)
rCorr   .          Rampage  .   (no gloves)
Will    .....                   (boots unavailable)
Stlth   ..........              (no amulet)
HPRegen 0.09/turn               (no ring)
MPRegen 0.11/turn               (no ring)

@: about to teleport, flying quickly and evasively, heavily drained, quick
A: beak, talons 3, nimble flight
a: no special abilities


You were on level 7 of the Dungeon.
You visited 1 branch of the dungeon, and saw 5 of its levels.

You collected 196 gold pieces.


Innate Abilities, Weirdness & Mutations

You have a beak for a mouth.
You have claws for feet.
Your magical nature lets you fly swiftly and evasively.


   Skills:
 - Level 2.0 Fighting
 + Level 5.8 Axes
 - Level 1.0 Throwing
 - Level 2.2 Armour
 - Level 2.1 Dodging
 - Level 2.0 Spellcasting
 - Level 2.4 Translocations


You had 8 spell levels left.
You didn't know any spells.
Your spell library contained the following spells:

 Spells                   Type           Power      Damage    Failure   Level
 Blink                    Tloc           14%        N/A       100%        2
 Gell's Gravitas          Tloc           7%         N/A       100%        3
 Lesser Beckoning         Tloc           7%         N/A       100%        3
 Teleport Other           Tloc           7%         N/A       100%        3
 Manifold Assault         Tloc           7%         N/A       100%        5

Inventory:

Hand Weapons
 c - a +0 flail
 Y - a +0 spectral war axe (weapon)
Missiles
 g - 4 boomerangs (quivered)
Armour
 h - a +0 plate armour (worn)
Jewellery
 e - a ring of fire
Scrolls
 b - a scroll of teleportation
 d - a scroll of torment {unknown}
Potions
 a - a potion of mutation {unknown}

Dungeon Overview and Level Annotations

Branches:
Dungeon (4/15)
 Temple: D:4-7

Altars:
Gozag


Message History

You swap places.
A sourceless malevolence fills the Dungeon...
You are sucked into a shaft and drop 3 floors!
The shaft crumbles and collapses.
You now have 196 gold pieces (gained 10).
An orc comes into view. It is wielding a +0 club.
Existing waypoints: (1) D:4 (2) D:3 Assign waypoint to what number? (0-9, D - delete waypoint) Waypoint 2 re-assigned from D:3 to D:7.
Enter note:
3226 ||| Stepping ~*~*~tactically~*~*~ (stealth).
d - a scroll labelled GODIEF CIADI A wight comes into view.
It is wielding a +2 dire flail of freezing.
You see here 16 gold pieces.
Throw: 4 boomerangs
Press: ? - help, Q - select action Shift-Dir - straight line, f - wight You throw a boomerang.
The boomerang hits the wight but does no damage.
Throw: 4 boomerangs
Press: ? - help, Q - select action Shift-Dir - straight line, f/p - wight You throw a boomerang.
The boomerang hits the wight.
The wight is moderately damaged.
A wight comes into view. It is wielding a +0 morningstar.
You barely miss the wight.
The wight is moderately damaged.
The wight hits you with a +2 dire flail of freezing!
You feel drained. The wight freezes you.
The wight hits you with a +2 dire flail of freezing!
You feel drained. The wight freezes you.
You hit the wight. Your kick misses the wight.
You peck the wight, but do no damage.
The wight is heavily damaged.
The wight hits you with a +2 dire flail of freezing.
The wight freezes you.
3240 ||| READING 2 scrolls of teleportation.
As you read the scroll of teleportation, it crumbles to dust.
You feel strangely unstable.
The wight hits you with a +2 dire flail of freezing!
You die... o

#.~.# ~ ..##.~.#
####.~ .
.....~.#####.....~
.. #.~......~~~~~~
... #.~~~~~~~......
....###........#####
...................#
......####.#########
.....zz@......?...
......##...#...###
..... +....###...#
.... ####....##.#
... #....# # ..
....$# # ##...# ...#
####


You could see 2 wights.

Vanquished Creatures
  Jessica (D:3)
  4 adders
  5 gnolls
  A worm (D:4)
  A dart slug (D:1)
  An orc (D:3)
  7 endoplasms
  2 hobgoblins (D:3)
  2 jackals (D:2)
  3 quokkas
  6 ball pythons
  3 bats
  6 frilled lizards
  9 goblins
  6 kobolds
  7 rats
64 creatures vanquished.

Notes
Turn   | Place    | Note
-------+----------+-------------------------------------------
     0 | D:1      | qw the Tengu Warper began the quest for the Orb.
     0 | D:1      | Reached XP level 1. HP: 12/12 MP: 4/4
     0 | D:1      | 0 ||| qw: Version: 0.1-a-89-g26bdef1
     0 | D:1      | 0 ||| qw: Game counter: 442
     0 | D:1      | 0 ||| qw: Always use a shield: true
     0 | D:1      | 0 ||| qw: God list: Okawaru
     0 | D:1      | 0 ||| qw: Allow faded altars: false
     0 | D:1      | 0 ||| qw: Do Orc after D:15 true
     0 | D:1      | 0 ||| qw: Do second Lair branch before Depths: true
     0 | D:1      | 0 ||| qw: Lair rune preference: random
     0 | D:1      | 0 ||| qw: Plans: Normal
     0 | D:1      | 0 ||| PLANNING D:1-11
   225 | D:1      | Reached XP level 2. HP: 17/17 MP: 6/6
   287 | D:1      | Reached skill level 3 in Axes
   691 | D:1      | Reached XP level 3. HP: 18/21 MP: 7/7
   988 | D:1      | 988 ||| UPGRADING to +0 plate armour.
   998 | D:1      | 998 ||| DROPPING +0 leather armour.
   999 | D:1      | 999 ||| DROPPING ring of magical power.
  1000 | D:1      | 1000 ||| READING scroll labelled FYBBIU VEYN.
  1003 | D:1      | 1003 ||| DRINKING 2 black potions.
  1004 | D:1      | 1004 ||| DROPPING scroll of blinking.
  1005 | D:1      | 1005 ||| DROPPING potion of degeneration.
  1089 | D:2      | Found an opulent altar of Gozag.
  1127 | D:2      | Reached skill level 4 in Axes
  1614 | D:2      | Reached XP level 4. HP: 26/26 MP: 8/8
  1743 | D:2      | 1743 ||| READING 2 scrolls labelled ULOCHU SORI.
  1744 | D:2      | 1744 ||| DROPPING scroll of noise.
  1886 | D:3      | 1886 ||| FLEEEEING.
  1894 | D:3      | 1894 ||| STAIRDANCE
  2027 | D:3      | Noticed Jessica
  2037 | D:3      | Killed Jessica
  2283 | D:3      | 2283 ||| SWAPPING to +0 war axe.
  2284 | D:3      | 2284 ||| DROPPING +0 hand axe.
  2571 | D:3      | Reached skill level 5 in Axes
  2743 | D:3      | 2743 ||| Stepping ~*~*~tactically~*~*~ (stealth).
  2744 | D:3      | 2744 ||| Stepping ~*~*~tactically~*~*~ (stealth).
  2837 | D:3      | 2837 ||| READING scroll labelled GOALIO WEFO.
  2875 | D:4      | 2875 ||| Stepping ~*~*~tactically~*~*~ (hiding).
  2879 | D:4      | Gained mutation: Your magical nature lets you fly swiftly
                  | and evasively. [Tengu growth]
  2879 | D:4      | Reached XP level 5. HP: 30/30 MP: 9/9
  2885 | D:4      | 2885 ||| FLEEEEING.
  2886 | D:4      | 2886 ||| FLEEEEING.
  2887 | D:4      | 2887 ||| STAIRDANCE
  3119 | D:4      | 3119 ||| DROPPING +0 mace of protection.
  3125 | D:4      | 3125 ||| Stepping ~*~*~tactically~*~*~ (stealth).
  3216 | D:4      | You are sucked into a shaft and drop 3 floors!
  3226 | D:7      | 3226 ||| Stepping ~*~*~tactically~*~*~ (stealth).
  3239 | D:7      | HP: 4/27 [wight/+2 dire flail of freezing (3)]
  3240 | D:7      | 3240 ||| READING 2 scrolls of teleportation.
  3240 | D:7      | Mangled by a wight

Levels and vault maps discovered:
D:1:      psy_arrival_dodecagon, layout_loops_corners
D:2:      layout_loops_cross, basic_altar
D:3:      layout_basic, chequers_serial_rivers_room_b, uniq_jessica
D:4:      layout_loops_ring, uniq_pargi
D:7:      layout_basic, nicolae_overflow_squiral,
          minmay_temple_entry_drinking_statues

Skill      XL: |  1  2  3  4 |
---------------+-------------+-----
Axes           | 3 4 5 |  5.8
Armour         | 2 |  2.2
Fighting       | |  2.0
Throwing       | |  1.0
Dodging        | |  2.1
Spellcasting   | |  2.0
Translocations | |  2.4

Action                   |  1- 3 |  4- 6 || total
-------------------------+-------+-------++-------
Melee: Hand axe          |    78 |    26 ||   104
       Kick              |    17 |    11 ||    28
       Peck              |     7 |     5 ||    12
       War axe           |       |    34 ||    34
Throw: Boomerang         |     7 |    20 ||    27
  Use: Scroll            |     1 |     3 ||     4
       Potion            |     1 |       ||     1
Armor: Leather armour    |    11 |       ||    11
       Plate armour      |    22 |    34 ||    56
Dodge: Dodged            |    24 |     7 ||    31

Table legend:
 A = Non-vault XP
 B = Vault XP
 C = Vault XP percentage of total XP
 D = Non-vault monster count
 E = Vault monster count
 F = Vault count percentage of total count
                 A         B        C        D         E       F
            +---------+---------+-------+---------+---------+-------
      Total |     219 |      37 |  14.5 |      63 |       1 |   1.6
            +---------+---------+-------+---------+---------+-------
        D:1 |      38 |       0 |   0.0 |      18 |       0 |   0.0
        D:2 |      44 |       0 |   0.0 |      18 |       0 |   0.0
        D:3 |      39 |      37 |  48.7 |      16 |       1 |   5.9
        D:4 |      98 |       0 |   0.0 |      11 |       0 |   0.0
            +---------+---------+-------+---------+---------+-------
